 Dungeon Crawl Stone Soup version 0.32-a0-612-g1c984fe9d1 (webtiles) character file.

Game seed: 7400882681193641663

124 Fodor the Covered (level 4, -1/34 (40) HPs)
             Began as a Minotaur Fighter on Mar 5, 2024.
             Slain by a wight
             ... wielding a +0 morningstar
              (7 damage)
             ... on level 3 of the Dungeon.
             The game lasted 00:05:46 (1466 turns).

Fodor the Covered (Minotaur Fighter)                Turns: 1466, Time: 00:05:47

HP:   -1/34 (40)    AC: 13    Str: 23    XL:     4   Next: 81%
MP:   3/3           EV:  6    Int:  5    God:
Gold: 59            SH:  0    Dex:  9    Spells: 3/3 levels left

rFire   + . .        j - +1 shortbow of Melee {speed, rPois rF+ rC+}
rCold   + . .        (shield currently unavailable)
rNeg    . . .        b - +0 plate armour
rPois   +            (helmet restricted)
rElec   .            (no cloak)
rCorr   .            p - +0 pair of gloves
SInv    .            (no boots)
Will    .....        e - amulet of regeneration Stlth
                     (no ring)
HPRegen 1.05/turn    (no ring)
MPRegen 0.08/turn

%: no passive effects
@: heavily drained
A: horns 2, retaliatory headbutt
a: no special abilities


You were on level 3 of the Dungeon.
You visited 1 branch of the dungeon, and saw 3 of its levels.

You collected 59 gold pieces.

Inventory:

Hand Weapons
 a - a +0 war axe
 j - the +1 shortbow of Melee (weapon) {speed, rPois rF+ rC+}
   (You found it on level 2 of the Dungeon)

   rF+:       It protects you from fire.
   rC+:       It protects you from cold.
   rPois:     It protects you from poison.
Armour
 b - a +0 plate armour (worn)
 c - a +0 buckler
 p - a +0 pair of gloves (worn)
Jewellery
 e - an amulet of regeneration (around neck)
Wands
 k - a wand of polymorph (9)
Scrolls
 g - a scroll of poison {unknown}
 h - 3 scrolls of identify {unknown}
 i - a scroll of teleportation {unknown}
 m - a scroll of immolation {unknown}
 n - a scroll of summoning {unknown}
 o - a scroll of fog {unknown}
Potions
 d - a potion of might
 f - 2 potions of curing {unknown}
 l - a potion of haste {unknown}
 q - 2 potions of brilliance {unknown}


   Skills:
 + Level 4.2 Fighting
 + Level 3.2 Axes
 + Level 3.0 Ranged Weapons
 + Level 4.5 Armour
 + Level 4.0 Shields


You had 3 spell levels left.
You didn't know any spells.
Your spell library contained the following spells:

 Spells                   Type           Power      Damage    Failure   Level
 Freeze                   Ice            0%         1d3       100%        1
 Frozen Ramparts          Ice            0%         1d1       100%        3
 Hailstorm                Conj/Ice       0%         3d5       100%        3


Dungeon Overview and Level Annotations

Branches:
Dungeon (3/15)

Altars:


Innate Abilities, Weirdness & Mutations

You have a pair of horns on your head.
You reflexively headbutt those who attack you in melee.


Message History

Press: ? - help, Q - select action, (/) - cycle Shift-Dir - straight line, f/p - wight
Aim: a wight, wielding a +0 morningstar and wearing a +0 robe (59% to hit)
You shoot an arrow. The arrow barely misses the wight.
Fire: j) +1 shortbow of Melee {speed, rPois rF+ rC+}
Press: ? - help, Q - select action, (/) - cycle Shift-Dir - straight line, f/p - wight
Aim: a wight, wielding a +0 morningstar and wearing a +0 robe (59% to hit)
You shoot an arrow. The arrow hits the wight.
The wight is lightly damaged.
You shoot an arrow.
The arrow hits the wight but does no damage.
The wight is lightly damaged.
The wight barely misses you. The wight hits you with a +4 mace.
You shoot an arrow.
The arrow hits the wight but does no damage.
The wight is lightly damaged.
The wight hits you with a +4 mace. The wight barely misses you.
You furiously retaliate!
You headbutt the wight. You shoot an arrow. The arrow hits the wight.
The wight is moderately damaged.
The wight hits you with a +4 mace. The wight hits you but does no damage.
You shoot an arrow. The arrow closely misses the wight.
The wight hits you with a +4 mace.
You feel drained.
The wight hits you with a +0 morningstar!
You feel drained.
You shoot an arrow. The arrow hits the wight.
The wight is moderately damaged.
The wight hits you with a +4 mace.
You feel drained.
The wight hits you with a +0 morningstar!
You feel drained.
* * * LOW HITPOINT WARNING * * *
The wight hits you with a +0 morningstar.
* * * LOW HITPOINT WARNING * * *
The wight hits you but does no damage.
A wight comes into view. It is wielding a +0 halberd.
The wight attacks as it pursues you!
The wight hits you with a +0 morningstar.
* * * LOW HITPOINT WARNING * * *
You feel drained.
The wight hits you with a +0 morningstar!
You die...

#..[.......# #.#
###.#.#.#### #.#
#.....# #.#
#.#.#.### #### #.#
...#....... ..# #.#
... ........###.#
#.# ..
...#.##....#.####.#
..
.........#......#
.......#z@######
.[.~....z......#
..(.......####.#
~~....##..# ~~....
..... ..... ....###
...~..z#...
.....?.##.##
....... ..#


You could see 3 wights.

Vanquished Creatures
  Robin (D:2)
  6 adders (D:2)
  2 dart slugs
  2 ribbon worms
  7 ball pythons
  2 bats (D:1)
  3 endoplasms
  8 goblins (D:2)
  9 hobgoblins
  2 quokkas
  A frilled lizard (D:1)
  2 kobolds
  6 rats
51 creatures vanquished.

Notes
Turn   | Place    | Note
-------+----------+-------------------------------------------
     0 | D:1      | Fodor the Minotaur Fighter began the quest for the Orb.
     0 | D:1      | Reached XP level 1. HP: 19/19 MP: 0/0
   295 | D:1      | Reached XP level 2. HP: 27/27 MP: 1/1
   578 | D:2      | Identified the +1 shortbow of Melee {speed, rPois rF+ rC+}
   583 | D:2      | Reached XP level 3. HP: 33/33 MP: 2/2
   621 | D:2      | Reached skill level 1 in Ranged Weapons
   665 | D:2      | Noticed Robin
   693 | D:2      | Killed Robin
   694 | D:2      | Reached XP level 4. HP: 40/40 MP: 3/3
  1466 | D:3      | Slain by a wight

Illustrated notes

Levels and vault maps discovered:
D:1:      giann_bridges, layout_loops_ring, serial_forest,
          infiniplex_forest_lined_3_way, infiniplex_forest_lined_corner,
          infiniplex_forest_clump_double, infiniplex_forest_clump_medium,
          infiniplex_forest_lined_room_
D:2:      layout_rooms, kennysheep_generic_room_11, uniq_robin
D:3:      layout_loops_ring, serial_shops, nicolae_lakefront_shop,
          grunt_ministairs_9, chequers_decorated_corner, skrybe_limestone_x

Skill      XL: |  1  2  3  4 |
---------------+-------------+-----
Fighting       | 4 |  4.2
Axes           | 3 |  3.2
Armour         | 4 |  4.5
Shields        | 4 |  4.0
Ranged Weapons | 2 3 |  3.0

Action                     |  1- 3 |  4- 6 || total
---------------------------+-------+-------++-------
  Melee: War axe           |    40 |       ||    40
         Headbutt          |     1 |       ||     1
   Fire: Shortbow          |    44 |    71 ||   115
 Armour: Plate armour      |   130 |    50 ||   180
         Scale mail        |     2 |       ||     2
         Skin              |    21 |     4 ||    25
  Dodge: Dodged            |    22 |    24 ||    46
  Block: Buckler           |    13 |       ||    13

Table legend: (Time is in decaauts)
 A = Elapsed time spent in this place.
 B = Non-inter-level travel time spent in this place.
 C = Inter-level travel time spent in this place.
 D = Time resting spent in this place.
 E = Time spent auto-exploring this place.
 F = Levels seen in this place.
 G = Mean time per level.
                   A        B        C        D        E       F      G
               +--------+--------+--------+--------+--------+-----+--------+
         Total |   1511 |   1489 |     22 |    105 |    889 |   3 |  503.7 |
       Dungeon |   1511 |   1489 |     22 |    105 |    889 |   3 |  503.7 |
               +--------+--------+--------+--------+--------+-----+--------+

Top non-repeatable levels by time:
     D:2: 712 daAuts
     D:1: 585 daAuts
     D:3: 214 daAuts
